General information
- name: BNet
- type: Ladder team game (AT/RT)
- host: Battle.net
- saver: Tuuli
map: Deadlands
- players: 8
- length: 33:02
- speed: Fast
- version: 1.26 W3XP
- replay type: Public
» download(189 KB)
Players
team 1 (loser)

»
killzu (
green | 73 APM | 1694 actions | 23:15)
5 Death Knight
2 Death Coil
3 Unholy Aura
3 Dreadlord
2 Sleep
1 Carrion Swarm
» actions
| Assign group hotkey | 28 | |
| Basic commands | 260 | |
| Build / train | 62 | |
| Enter build submenu | 26 | |
| Enter hero's abilities submenu | 8 | |
| Give item / drop item | 2 | |
| Remove unit from queue | 2 | |
| Right click | 267 | |
| Select / deselect | 271 | |
| Select group hotkey | 704 | |
| Use ability | 63 | |
1694 total
» units
| Acolyte | 9 | |
| Ghoul | 4 | |
| Crypt Fiend | 10 | |
| Meatwagon | 3 | |
| Obsidian Statue | 4 | |
30 total
» upgrades
| Creature Attack | 3 | |
| Web | 1 | |
| Burrow | 1 | |
| Creature Carapace | 2 | |
7 total
» buildings
| Crypt | 2 | |
| Ziggurat | 8 | |
| Altar of Darkness | 1 | |
| Graveyard | 2 | |
| Tomb of Relics | 2 | |
| Nerubian Tower | 1 | |
| Spirit Tower | 3 | |
| Necropolis | 2 | |
| Halls of the Dead | 1 | |
| Slaughterhouse | 2 | |
| Black Citadel | 1 | |
25 total
» build order
00:26 Crypt
00:30 Ziggurat
00:37 Altar of Darkness
01:07 Graveyard
01:33 Ziggurat
02:23 Ziggurat
03:00 Tomb of Relics
03:33 Nerubian Tower
03:35 Spirit Tower
05:49 Necropolis
06:13 Crypt
06:48 Halls of the Dead
08:24 Ziggurat
08:31 Ziggurat
08:39 Spirit Tower
08:40 Spirit Tower
10:13 Ziggurat
10:15 Ziggurat
10:27 Necropolis
10:33 Tomb of Relics
13:41 Slaughterhouse
13:46 Slaughterhouse
14:27 Black Citadel
15:06 Ziggurat
18:14 Graveyard
» items
| Rod of Necromancy | 4 | |
| Scroll of Town Portal | 1 | |
| Potion of Healing | 1 | |
| Sacrificial Skull | 1 | |
7 total
chingchongwang (
yellow | 59 APM | 1309 actions | 22:07)
5 Demon Hunter
1 Immolation
3 Mana Burn
1 Evasion
4 Priestess of the Moon
3 Trueshot Aura
1 Searing Arrows
» actions
| Assign group hotkey | 20 | |
| Basic commands | 63 | |
| Build / train | 79 | |
| ESC pressed | 3 | |
| Enter build submenu | 24 | |
| Enter hero's abilities submenu | 8 | |
| Give item / drop item | 4 | |
| Remove unit from queue | 6 | |
| Right click | 590 | |
| Select / deselect | 267 | |
| Select group hotkey | 186 | |
| Use ability | 59 | |
1309 total
» units
» upgrades
| Strength of the Wild | 3 | |
| Reinforced Hides | 4 | |
| Corrosive Breath | 1 | |
| Well Spring | 1 | |
| Ultravision | 1 | |
10 total
» buildings
| Altar of Elders | 1 | |
| Moon Well | 9 | |
| Ancient of War | 2 | |
| Hunter's Hall | 1 | |
| Tree of Life | 1 | |
| Ancient of Wonders | 1 | |
| Tree of Ages | 3 | |
| Ancient Protector | 3 | |
| Tree of Eternity | 2 | |
| Ancient of Wind | 1 | |
| Chimaera Roost | 4 | |
28 total
» build order
00:10 Altar of Elders
00:20 Moon Well
01:25 Ancient of War
01:34 Ancient of War
01:49 Moon Well
02:28 Moon Well
02:55 Hunter's Hall
03:45 Tree of Life
04:19 Ancient of Wonders
04:26 Tree of Ages
04:26 Tree of Ages
04:26 Tree of Ages
04:38 Ancient Protector
04:43 Ancient Protector
04:50 Moon Well
05:21 Ancient Protector
06:47 Tree of Eternity
06:47 Tree of Eternity
07:01 Ancient of Wind
08:44 Moon Well
08:49 Moon Well
09:28 Chimaera Roost
09:30 Chimaera Roost
09:31 Chimaera Roost
10:10 Chimaera Roost
10:50 Moon Well
17:26 Moon Well
17:27 Moon Well
» items
| Scroll of Town Portal | 2 | |
| Potion of Healing | 1 | |
| Staff of Preservation | 1 | |
| Periapt of Vitality | 1 | |
| Potion of Lesser Invulnerability | 1 | |
6 total
Tuuli (
purple | 102 APM | 3382 actions | 33:02)
9 Archmage
3 Summon Water Elemental
3 Brilliance Aura
1 Mass Teleport
2 Blizzard
» actions
| Assign group hotkey | 39 | |
| Basic commands | 140 | |
| Build / train | 198 | |
| Enter build submenu | 96 | |
| Enter hero's abilities submenu | 9 | |
| Give item / drop item | 7 | |
| Right click | 1376 | |
| Select / deselect | 524 | |
| Select group hotkey | 722 | |
| Use ability | 271 | |
3382 total
» units
| Peasant | 27 | |
| Footman | 14 | |
| Goblin Shredder | 4 | |
| Dragonhawk Rider | 2 | |
| Gryphon Rider | 9 | |
| Goblin Sapper | 4 | |
60 total
» upgrades
| Masonry | 3 | |
| Defend | 1 | |
| Lumber Harvesting | 2 | |
| Swords | 3 | |
| Animal War Training | 1 | |
| Cloud | 1 | |
| Storm Hammers | 1 | |
| Sorceress Training | 2 | |
| Flak Cannons | 1 | |
| Armor | 3 | |
| Plating | 1 | |
| Gunpowder | 1 | |
| Flying Machine Bombs | 1 | |
| Magic Sentry | 1 | |
22 total
» buildings
| Altar of Kings | 1 | |
| Barracks | 1 | |
| Farm | 18 | |
| Arcane Vault | 1 | |
| Town Hall | 3 | |
| Scout Tower | 54 | |
| Arcane Tower | 4 | |
| Lumber Mill | 1 | |
| Keep | 5 | |
| Guard Tower | 71 | |
| Castle | 1 | |
| Blacksmith | 1 | |
| Gryphon Aviary | 8 | |
| Arcane Sanctum | 1 | |
| Workshop | 1 | |
| Tree of Life | 1 | |
| Necropolis | 16 | |
188 total
» build order
00:09 Altar of Kings
00:11 Barracks
00:15 Farm
00:55 Farm
01:37 Farm
02:19 Arcane Vault
03:40 Farm
04:06 Town Hall
04:08 Scout Tower
04:26 Farm
04:45 Arcane Tower
05:17 Lumber Mill
06:12 Keep
06:18 Scout Tower
06:21 Scout Tower
06:40 Scout Tower
06:53 Guard Tower
06:53 Guard Tower
06:59 Scout Tower
07:02 Scout Tower
07:18 Guard Tower
07:18 Guard Tower
08:11 Scout Tower
08:23 Guard Tower
08:24 Guard Tower
08:46 Scout Tower
08:48 Scout Tower
08:49 Scout Tower
08:56 Scout Tower
08:58 Scout Tower
08:59 Scout Tower
09:16 Arcane Tower
09:17 Arcane Tower
09:22 Guard Tower
09:22 Guard Tower
09:51 Guard Tower
10:10 Scout Tower
10:10 Scout Tower
10:12 Scout Tower
10:16 Scout Tower
10:17 Scout Tower
10:20 Castle
10:27 Blacksmith
10:32 Scout Tower
10:33 Scout Tower
10:35 Scout Tower
10:36 Scout Tower
10:37 Scout Tower
10:39 Guard Tower
10:39 Guard Tower
10:49 Guard Tower
10:50 Guard Tower
10:54 Scout Tower
10:56 Scout Tower
10:57 Scout Tower
10:59 Scout Tower
11:01 Scout Tower
11:10 Guard Tower
11:10 Guard Tower
11:12 Guard Tower
11:12 Guard Tower
11:13 Guard Tower
11:16 Guard Tower
11:16 Guard Tower
11:22 Gryphon Aviary
11:24 Gryphon Aviary
11:27 Gryphon Aviary
11:30 Gryphon Aviary
11:31 Gryphon Aviary
11:32 Gryphon Aviary
11:36 Guard Tower
11:36 Guard Tower
11:42 Guard Tower
12:03 Guard Tower
12:03 Guard Tower
12:08 Scout Tower
12:10 Scout Tower
12:11 Scout Tower
12:13 Scout Tower
12:14 Scout Tower
12:27 Arcane Sanctum
12:30 Workshop
12:54 Guard Tower
12:54 Guard Tower
13:19 Farm
13:24 Farm
13:26 Farm
13:28 Scout Tower
13:33 Scout Tower
13:37 Farm
14:03 Guard Tower
14:04 Guard Tower
14:04 Guard Tower
14:09 Scout Tower
14:11 Scout Tower
14:14 Scout Tower
14:15 Scout Tower
14:16 Scout Tower
14:18 Scout Tower
14:22 Scout Tower
14:26 Guard Tower
14:26 Guard Tower
14:31 Farm
14:32 Gryphon Aviary
14:33 Gryphon Aviary
14:36 Farm
14:37 Farm
14:39 Guard Tower
14:45 Guard Tower
14:56 Guard Tower
14:56 Guard Tower
15:04 Guard Tower
15:04 Guard Tower
15:09 Farm
15:12 Scout Tower
16:44 Guard Tower
16:49 Farm
16:53 Scout Tower
17:00 Farm
17:03 Keep
17:03 Keep
17:06 Farm
17:22 Guard Tower
23:09 Town Hall
24:45 Scout Tower
24:45 Scout Tower
24:46 Scout Tower
24:48 Scout Tower
24:49 Scout Tower
24:52 Scout Tower
24:52 Scout Tower
24:53 Scout Tower
24:54 Scout Tower
25:14 Farm
25:22 Guard Tower
25:22 Guard Tower
25:46 Scout Tower
25:47 Guard Tower
25:47 Guard Tower
25:53 Guard Tower
26:38 Guard Tower
26:38 Guard Tower
28:59 Town Hall
30:33 Tree of Life
31:12 Farm
32:01 Necropolis
32:03 Necropolis
32:04 Necropolis
32:05 Necropolis
32:06 Necropolis
32:07 Necropolis
32:09 Necropolis
32:10 Necropolis
32:24 Necropolis
32:36 Necropolis
32:39 Necropolis
32:40 Necropolis
32:41 Necropolis
32:43 Necropolis
32:44 Necropolis
33:00 Necropolis
» items
| Scroll of Regeneration | 2 | |
| Lesser Clarity Potion | 1 | |
| Scroll of Town Portal | 1 | |
| Potion of Healing | 3 | |
7 total

»
harrypotter123 (
red | 38 APM | 906 actions | 23:55)
5 Priestess of the Moon
3 Trueshot Aura
1 Searing Arrows
1 Scout
3 Keeper of the Grove
2 Entangling Roots
1 Thorns Aura
» actions
| Assign group hotkey | 15 | |
| Build / train | 74 | |
| Enter build submenu | 27 | |
| Enter hero's abilities submenu | 8 | |
| Right click | 320 | |
| Select / deselect | 265 | |
| Select group hotkey | 138 | |
| Use ability | 59 | |
906 total
» units
| Wisp | 31 | |
| Archer | 5 | |
| Druid of the Claw | 3 | |
| Dryad | 9 | |
48 total
» upgrades
| Strength of the Wild | 3 | |
| Reinforced Hides | 3 | |
| Abolish Magic | 1 | |
| Druid of the Claw Training | 2 | |
| Mark of the Claw | 1 | |
10 total
» buildings
| Moon Well | 9 | |
| Altar of Elders | 1 | |
| Ancient of War | 1 | |
| Hunter's Hall | 1 | |
| Tree of Ages | 1 | |
| Tree of Life | 3 | |
| Ancient Protector | 7 | |
| Tree of Eternity | 1 | |
| Ancient of Lore | 5 | |
| Ancient of Wonders | 2 | |
31 total
» build order
00:28 Moon Well
00:42 Altar of Elders
01:10 Ancient of War
01:27 Moon Well
02:14 Hunter's Hall
02:24 Moon Well
03:59 Tree of Ages
06:34 Tree of Life
06:38 Ancient Protector
06:42 Ancient Protector
06:56 Tree of Eternity
07:04 Ancient of Lore
07:06 Ancient of Lore
07:08 Ancient of Lore
07:14 Ancient of Lore
11:04 Ancient Protector
11:06 Ancient Protector
12:11 Moon Well
13:12 Moon Well
13:53 Ancient of Wonders
14:26 Moon Well
14:36 Ancient of Wonders
15:04 Ancient Protector
15:08 Ancient Protector
15:13 Ancient Protector
16:09 Moon Well
16:39 Moon Well
17:09 Ancient of Lore
18:02 Moon Well
23:01 Tree of Life
23:10 Tree of Life
» items
| Rod of Necromancy | 1 | |
| Scroll of Town Portal | 2 | |
| Moonstone | 1 | |
4 total
team 2 (winner)
blackenedtheend (
blue | 56 APM | 1608 actions | 28:52)
5 Demon Hunter
3 Immolation
1 Mana Burn
1 Metamorphosis
» actions
| Assign group hotkey | 18 | |
| Build / train | 64 | |
| Enter build submenu | 29 | |
| Enter hero's abilities submenu | 5 | |
| Right click | 635 | |
| Select / deselect | 349 | |
| Select group hotkey | 456 | |
| Use ability | 52 | |
1608 total
» units
| Wisp | 23 | |
| Huntress | 6 | |
| Peasant | 2 | |
| Chimaera | 7 | |
| Goblin Shredder | 1 | |
| Siege Engine | 3 | |
| Hippogryph | 3 | |
45 total
» upgrades
| Strength of the Wild | 3 | |
| Reinforced Hides | 3 | |
| Corrosive Breath | 1 | |
| Barrage | 1 | |
8 total
» buildings
| Altar of Elders | 1 | |
| Moon Well | 8 | |
| Hunter's Hall | 1 | |
| Ancient of War | 2 | |
| Tree of Ages | 1 | |
| Tree of Life | 1 | |
| Tree of Eternity | 1 | |
| Ancient of Wind | 2 | |
| Ancient Protector | 5 | |
| Chimaera Roost | 3 | |
| Ancient of Wonders | 1 | |
| Workshop | 3 | |
29 total
» build order
00:07 Altar of Elders
00:21 Moon Well
01:38 Moon Well
01:55 Hunter's Hall
02:06 Ancient of War
02:30 Ancient of War
03:16 Moon Well
03:38 Tree of Ages
05:57 Tree of Life
06:21 Tree of Eternity
07:44 Ancient of Wind
08:31 Ancient Protector
09:58 Chimaera Roost
09:59 Chimaera Roost
10:01 Chimaera Roost
10:07 Moon Well
10:16 Ancient Protector
10:18 Ancient Protector
10:25 Ancient Protector
10:27 Ancient Protector
12:05 Ancient of Wonders
12:11 Moon Well
13:04 Workshop
13:05 Workshop
13:07 Workshop
13:55 Moon Well
17:35 Moon Well
20:11 Moon Well
22:55 Ancient of Wind
» items
skystream1010 (
orange | 46 APM | 293 actions | 06:20)
2 Paladin
1 Holy Light
1 Devotion Aura
» actions
| Assign group hotkey | 12 | |
| Basic commands | 8 | |
| Build / train | 22 | |
| ESC pressed | 2 | |
| Enter build submenu | 16 | |
| Enter hero's abilities submenu | 2 | |
| Right click | 49 | |
| Select / deselect | 62 | |
| Select group hotkey | 98 | |
| Use ability | 22 | |
293 total
» units
» buildings
| Altar of Kings | 1 | |
| Farm | 6 | |
| Barracks | 1 | |
| Scout Tower | 2 | |
| Town Hall | 1 | |
| Arcane Vault | 1 | |
| Keep | 1 | |
| Arcane Tower | 1 | |
| Blacksmith | 1 | |
| Lumber Mill | 1 | |
16 total
» build order
00:08 Altar of Kings
00:21 Farm
00:36 Barracks
00:59 Farm
01:37 Farm
01:43 Scout Tower
03:07 Farm
04:30 Town Hall
04:42 Arcane Vault
04:46 Farm
04:51 Keep
04:53 Arcane Tower
05:03 Blacksmith
05:34 Farm
05:39 Lumber Mill
05:55 Scout Tower
TERRLBLE-LUCK (
teal | 57 APM | 1891 actions | 33:02)
7 Blademaster
3 Wind Walk
3 Critical Strike
1 Bladestorm
» actions
| Assign group hotkey | 91 | |
| Basic commands | 4 | |
| Build / train | 74 | |
| Enter build submenu | 24 | |
| Enter hero's abilities submenu | 7 | |
| Give item / drop item | 9 | |
| Right click | 696 | |
| Select / deselect | 197 | |
| Select group hotkey | 624 | |
| Use ability | 165 | |
1891 total
» units
| Peon | 11 | |
| Peasant | 3 | |
| Troll Batrider | 14 | |
| Goblin Sapper | 4 | |
| Dragonhawk Rider | 4 | |
| Wind Rider | 4 | |
40 total
» upgrades
| Ranged Weapons | 1 | |
| Armor | 1 | |
| Reinforced Defenses | 1 | |
| Lumber Harvesting | 1 | |
| Masonry | 1 | |
| Envenomed Spears | 1 | |
| Liquid Fire | 1 | |
7 total
» buildings
| Altar of Storms | 1 | |
| Orc Burrow | 4 | |
| Voodoo Lounge | 1 | |
| Stronghold | 3 | |
| War Mill | 1 | |
| Watch Tower | 40 | |
| Fortress | 1 | |
| Beastiary | 3 | |
| Castle | 1 | |
| Gryphon Aviary | 2 | |
| Guard Tower | 1 | |
| Scout Tower | 4 | |
| Great Hall | 2 | |
64 total
» build order
00:12 Altar of Storms
00:30 Orc Burrow
01:39 Voodoo Lounge
02:36 Stronghold
02:36 Stronghold
02:36 Stronghold
02:40 War Mill
02:53 Orc Burrow
04:00 Orc Burrow
04:02 Orc Burrow
04:45 Watch Tower
04:45 Watch Tower
04:46 Watch Tower
04:46 Watch Tower
04:47 Watch Tower
04:48 Watch Tower
05:34 Fortress
07:33 Beastiary
07:35 Beastiary
08:17 Castle
08:22 Gryphon Aviary
08:26 Gryphon Aviary
09:05 Watch Tower
09:06 Watch Tower
09:06 Watch Tower
09:07 Watch Tower
09:07 Watch Tower
09:08 Watch Tower
09:09 Watch Tower
09:09 Watch Tower
10:25 Guard Tower
10:31 Scout Tower
10:31 Scout Tower
10:32 Scout Tower
10:32 Scout Tower
11:50 Watch Tower
11:50 Watch Tower
11:51 Watch Tower
11:52 Watch Tower
11:52 Watch Tower
11:54 Watch Tower
11:54 Watch Tower
13:41 Watch Tower
13:41 Watch Tower
14:40 Watch Tower
14:41 Watch Tower
14:41 Watch Tower
18:53 Watch Tower
18:53 Watch Tower
18:56 Watch Tower
18:56 Watch Tower
20:45 Watch Tower
20:46 Watch Tower
20:47 Watch Tower
20:48 Watch Tower
20:48 Watch Tower
20:49 Watch Tower
23:35 Great Hall
23:36 Watch Tower
23:37 Watch Tower
23:37 Watch Tower
24:57 Great Hall
25:09 Beastiary
» items
| Healing Salve | 3 | |
| Lesser Clarity Potion | 2 | |
| Orb of Lightning | 1 | |
| Potion of Mana | 1 | |
| Staff of Teleportation | 1 | |
| Potion of Lesser Invulnerability | 2 | |
| Boots of Speed | 1 | |
| Scroll of Town Portal | 1 | |
12 total

»
Tritone (
pink | 45 APM | 647 actions | 14:31)
2 Firelord
1 Summon Lava Spawn
1 Soul Burn
» actions
| Assign group hotkey | 56 | |
| Basic commands | 34 | |
| Build / train | 52 | |
| ESC pressed | 2 | |
| Enter build submenu | 19 | |
| Enter hero's abilities submenu | 2 | |
| Right click | 136 | |
| Select / deselect | 157 | |
| Select group hotkey | 156 | |
| Use ability | 32 | |
647 total
» units
| Acolyte | 7 | |
| Ghoul | 5 | |
| Crypt Fiend | 11 | |
| Rifleman | 6 | |
| Gargoyle | 10 | |
39 total
» upgrades
» buildings
| Ziggurat | 9 | |
| Crypt | 1 | |
| Graveyard | 2 | |
| Altar of Darkness | 1 | |
| Nerubian Tower | 1 | |
| Tomb of Relics | 1 | |
| Necropolis | 1 | |
| Halls of the Dead | 2 | |
| Black Citadel | 1 | |
| Sacrificial Pit | 1 | |
| Boneyard | 2 | |
22 total
» build order
00:28 Ziggurat
00:35 Crypt
00:55 Graveyard
00:59 Graveyard
01:07 Altar of Darkness
01:20 Ziggurat
01:32 Nerubian Tower
04:09 Ziggurat
04:12 Ziggurat
04:56 Tomb of Relics
05:35 Necropolis
06:52 Halls of the Dead
10:00 Black Citadel
10:42 Sacrificial Pit
12:06 Ziggurat
12:07 Ziggurat
12:09 Ziggurat
12:09 Ziggurat
12:11 Ziggurat
12:13 Halls of the Dead
12:32 Boneyard
13:46 Boneyard
» items
| Scroll of Town Portal | 1 | |
| Potion of Mana | 1 | |
| Periapt of Vitality | 1 | |
| Healing Salve | 1 | |
| Lesser Clarity Potion | 1 | |
5 total
Chat log
(00:16 / All) TERRLBLE-LUCK: finally god damn
(00:27 / All) chingchongwang: 2 second wait for me :)
(00:35 / All) Tuuli: I hear that player Flamechampion is on low ell ladder again. I hope he isn't in this game
(00:38 / All) Tuuli: to terrorise us
(00:57 / All) blackenedtheend: who that?
(01:05 / All) Tuuli: he posts on the forums, he is a griefer
(01:16 / All) blackenedtheend: oh lol
(01:22 / All) Tuuli: Tuulen Ukko tuulen Akka! Tuulen kaikki ristikansa!
(01:33 / All) TERRLBLE-LUCK: i am king of gays
(04:59 / Allies) harrypotter123: im gonna be getting a shit load of dryads, so please don't get those too
(05:05 / Allies) chingchongwang: im chims
(05:07 / Allies) Tuuli: don't make dryads they suck
(05:17 / Allies) harrypotter123: lol why not? they prance so well
(05:25 / Allies) Tuuli: make bears too it's better
(05:31 / Allies) harrypotter123: fine
(07:26 / Allies) harrypotter123: get back
(07:56 / Allies) killzu: nice
(08:00 / Allies) harrypotter123: yo peeps
(08:04 / Allies) harrypotter123: we gonna helps to
(10:16 / Allies) chingchongwang: wood plz
(10:30 / Allies) chingchongwang: ty
(11:11 / Allies) chingchongwang: mass chims pumping
(12:31 / Allies) killzu: rdy?
(12:32 / Allies) harrypotter123: lolololl
(12:38 / Allies) Tuuli: It was being attacked bro
(12:40 / Allies) Tuuli: I'm protecting it
(12:43 / Allies) killzu: lol
(12:47 / Allies) Tuuli: wood sons
(12:56 / Allies) Tuuli: ty sir
(13:02 / Allies) Tuuli: now your expo is invulnerable
(13:06 / Allies) killzu: haha\
(14:02 / All) chingchongwang: annoying mother fucker
(14:07 / All) TERRLBLE-LUCK: no u
(17:51 / All) TERRLBLE-LUCK: leave niggas
(18:02 / All) chingchongwang: lol?
(18:41 / Allies) Tuuli: omw with cloud
(18:42 / Allies) Tuuli: come yellow
(18:45 / Allies) Tuuli: we need chims here too
(18:47 / Allies) killzu: their base is like mine
(18:47 / Allies) chingchongwang: kk
(18:59 / Allies) killzu: lol
(19:00 / Allies) Tuuli: lol
(19:08 / All) TERRLBLE-LUCK: gogo
(19:29 / Allies) chingchongwang: gogo
(19:40 / All) TERRLBLE-LUCK: blue tped w/o his chims lolz
(19:43 / All) blackenedtheend: LMAO
(20:07 / Allies) chingchongwang: ]why the fuck you attacking me'
(20:14 / Allies) Tuuli: oops misclick sorry
(20:20 / Allies) chingchongwang: oh yeah
(20:23 / Allies) chingchongwang: my whole army
(20:31 / Allies) killzu: dude wtf
(20:32 / Allies) chingchongwang: youre a loser seriously
(20:42 / Allies) chingchongwang: he killed my whole army
(21:02 / Allies) killzu: ?
(21:05 / All) chingchongwang: WTF
(21:12 / Allies) chingchongwang: YOU LOSERE
(21:29 / Allies) chingchongwang: whats the point
(22:00 / Allies) chingchongwang: honestly
(22:04 / Allies) chingchongwang: burn in hell
(24:14 / All) TERRLBLE-LUCK: yes
(24:18 / All) Tuuli: too easy
(24:24 / All) TERRLBLE-LUCK: yes
(24:27 / All) blackenedtheend: LOL
(24:42 / All) TERRLBLE-LUCK: i dont care if blue wins or notits up to u
(24:56 / All) blackenedtheend: i dont even know wtf u guys r doing..
(24:57 / All) Tuuli: Kill him
(24:59 / All) Tuuli: Your team is still here
(25:03 / All) Tuuli: mine all left
(25:06 / All) Tuuli: He needs to leave or die
(25:12 / All) blackenedtheend: lol
(25:15 / All) blackenedtheend: u guys know each other?
(25:20 / All) TERRLBLE-LUCK: yes sir
(25:25 / All) blackenedtheend: gotcha
(25:28 / All) Tuuli: Yes, you are just another helpless humiliated victim of ours
(25:34 / All) Tuuli: We upload regularly to Highper.ch
(25:41 / All) blackenedtheend: hehe idc its funny
(25:51 / All) Tuuli: Then check our other replays, we have much better than this
(27:49 / All) blackenedtheend: so u guys wait till the game is further in?
(27:53 / All) Tuuli: of course son
(28:37 / All) blackenedtheend: lol
(28:42 / All) blackenedtheend: later guys
(28:48 / All) Tuuli: Bella ciao!
(28:58 / All) TERRLBLE-LUCK: i like this map
(28:59 / All) TERRLBLE-LUCK: a lot
(29:03 / All) Tuuli: It's my favourte
(29:06 / All) Tuuli: but only played it twice
(29:09 / All) TERRLBLE-LUCK: twilight u mean
(29:09 / All) Tuuli: The creeps seem really easy
(29:14 / All) Tuuli: of the news ones
(29:16 / All) TERRLBLE-LUCK: the creeps are hard
(29:17 / All) Tuuli: Twilight is only readded
(29:21 / All) Tuuli: No, I crept to lvl 3 easily
(29:25 / All) Tuuli: crept expo with 7 peons and 3 footies
(29:29 / All) Tuuli: then crept my green camp
(29:34 / All) Tuuli: then the goblin shop with peons and footies
(29:38 / All) Tuuli: Check the replay to see what i did
(29:40 / All) Tuuli: it was really messy
(29:44 / All) Tuuli: I lost much more footies than I should
(29:49 / All) Tuuli: but I'm not used to this map as muc has I'd like
(29:51 / All) TERRLBLE-LUCK: this was back in 2004
(30:08 / All) TERRLBLE-LUCK: im gonna check that topic
(30:11 / All) Tuuli: I remember an Outland map but can't remember if it was this one in particular
(31:06 / All) Tuuli: That was my farm
(31:13 / All) TERRLBLE-LUCK: i was afk moron
(31:22 / All) Tuuli: You were checking your topic
(31:24 / All) Tuuli: taht's not afk
(31:26 / All) Tuuli: you were at the keyboard
(32:14 / All) Tuuli: Which team do you say gets the loss?
(32:18 / All) Tuuli: Mine was moderately whiny when I stabbed
(32:21 / All) Tuuli: if yours was silent they should
(32:29 / All) Tuuli: You had a leaver
(32:33 / All) Tuuli: so yours is less important imo
(32:36 / All) TERRLBLE-LUCK: its up to u, i dont care anybody unless its somebody i specifically know like denali
(32:45 / All) Tuuli: K
(32:51 / All) Tuuli: Let me spend green's money really quickly